 Dungeon Crawl Stone Soup version 0.30.1-9-gdf580d7c3d (webtiles) character file.

Game seed: 9757973338064517489

1032 FishyPogo the Insei (level 8, -3/60 HPs)
             Began as a Gnoll Transmuter on Sept 27, 2023.
             Was an Initiate of Cheibriados.
             Slain by Ivernyr's ghost (13 damage)
             ... on level 5 of the Dungeon on Sept 28, 2023.
             The game lasted 00:13:16 (4856 turns).

FishyPogo the Insei (Gnoll Transmuter)              Turns: 4856, Time: 00:13:17

Health: -3/60      AC: 11    Str: 11    XL:     8   Next: 23%
Magic:  12/17      EV: 10    Int: 15    God:    Cheibriados [......]
Gold:   198        SH:  0    Dex: 14    Spells: 13/19 levels left

rFire   . .          .
                       - Unarmed
rCold   + . .        (no shield)
rNeg    . . .        v - +3 scale mail {rC+}
rPois   .            q - melded +0 helmet
rElec   .            u - +0 cloak
rCorr   +            (no gloves)
SInv    .            n - melded +0 pair of boots
Will    .....        (no amulet)
Stlth   +            x - +4 ring of slaying
HPRegen 0.30/turn    s - ring of resist corrosion
MPRegen 0.15/turn

%: no passive effects
@: mighty, appendages, wereblooded, very slightly contaminated, very slow
A: horns 2, talons 2, fangs 1, strong nose, distributed training
a: End Transformation, Renounce Religion


You were on level 5 of the Dungeon.
You worshipped Cheibriados.
Cheibriados was noncommittal.
You had temporarily grown beastly horns and talons.
You visited 2 branches of the dungeon, and saw 6 of its levels.

You collected 198 gold pieces.

Inventory:

Hand Weapons
 C - a +3 scythe of venom
Missiles
 c - 30 stones
 g - 10 boomerangs
 t - 8 javelins
Armour
 a - a +0 robe
 n - a +0 pair of boots (melded)
 q - a +0 helmet (melded)
 u - a +0 cloak (worn)
 v - a +3 scale mail of cold resistance (worn)
Jewellery
 f - a ring of protection from fire
 r - a ring of protection from fire
 s - a ring of resist corrosion (right hand)
 x - a +4 ring of slaying (left hand)
 y - a ring of wizardry
Wands
 i - a wand of polymorph (13)
Scrolls
 d - 3 scrolls of teleportation {unknown}
 e - 5 scrolls of identify {unknown}
 k - 4 scrolls of magic mapping {unknown}
 l - a scroll of torment {unknown}
 o - 3 scrolls of fear {unknown}
 z - a scroll of amnesia {unknown}
 A - a scroll of enchant armour {unknown}
 B - a scroll of vulnerability {unknown}
Potions
 b - a potion of lignification
 h - a potion of mutation {unknown}
 j - 3 potions of might
 m - 2 potions of ambrosia {unknown}
 p - a potion of heal wounds {unknown}
 w - a potion of haste {unknown}


   Skills:
 + Level 4.1 Fighting
 + Level 3.2 Short Blades
 + Level 3.2 Long Blades
 + Level 3.2 Axes
 + Level 3.2 Maces & Flails
 + Level 3.2 Polearms
 + Level 3.2 Staves
 + Level 3.2 Ranged Weapons
 + Level 3.2 Throwing
 + Level 3.2 Armour
 + Level 5.6 Dodging
 + Level 3.2 Stealth
 + Level 3.2 Shields
 + Level 7.3 Unarmed Combat
 + Level 6.0 Spellcasting
 + Level 2.6 Conjurations
 + Level 2.6 Hexes
 + Level 2.6 Summonings
 + Level 2.6 Necromancy
 + Level 2.6 Translocations
 + Level 4.6 Transmutations
 + Level 2.6 Fire Magic
 + Level 2.6 Ice Magic
 + Level 2.6 Air Magic
 + Level 2.6 Earth Magic
 + Level 2.6 Poison Magic
 + Level 3.5 Invocations
 + Level 3.2 Evocations


You had 13 spell levels left.
You knew the following spells:

 Your Spells              Type           Power      Damage    Failure   Level
a - Beastly Appendage     Tmut           36%        N/A       12%         1
b - Wereblood             Tmut           18%        N/A       19%         2
c - Spider Form           Tmut/Pois      15%        N/A       50%         3

Your spell library contained the following spells:

 Spells                   Type           Power      Damage    Failure   Level
 Blink                    Tloc           24%        N/A       38%         2
 Ensorcelled Hibernation  Hex/Ice        24%        N/A       38%         2
 Lesser Beckoning         Tloc           24%        N/A       38%         2
 Momentum Strike          Conj/Tloc      24%        3d8       38%         2
 Ice Form                 Ice/Tmut       15%        N/A       88%         4
 Anguish                  Hex/Necr       6%         N/A       95%         4


Dungeon Overview and Level Annotations

Branches:
Dungeon (5/15)             Temple (1/1) D:4

Altars:
Ashenzari
Cheibriados
Elyvilon
Fedhas
Gozag
Hepliaklqana
Okawaru
Trog
Uskayaw
Yredelemnul
The Shining One

Shops:
D:4 *

Annotations:
D:5 Ivernyr's ghost, amateur FoFi


Innate Abilities, Weirdness & Mutations

You have temporarily grown beastly horns and talons.
You have very sharp teeth.
Your uncanny sense of smell can sniff out nearby items.
Your experience applies equally to all skills.


Message History

You howl as the wereblood boils in your veins!
The orc hits you but does no damage. Ivernyr's ghost hits you!
The orc hits you but does no damage.
You punch the orc!
You feel a bit better.
You kill the orc!
Cheibriados appreciates the change of pace.
You howl as the wereblood boils in your veins!
The orc hits you from afar with a +9 halberd.
Ivernyr's ghost hits you but does no damage.
You punch the orc!
You feel a bit better.
You kill the orc!
Cheibriados appreciates the change of pace.
The orc closely misses you.
Ivernyr's ghost whispers, "The ORB doesn't exist."
Ivernyr's ghost hits you!
You hit the orc priest. You claw the orc priest.
Your headbutt misses the orc priest.
The orc priest is heavily wounded.
The orc closely misses you.
Ivernyr's ghost hits you but does no damage.
The orc priest hits you but does no damage.
You hit the orc priest but do no damage.
You headbutt the orc priest. You bite the orc priest.
You feel a bit better.
You kill the orc priest!
Cheibriados appreciates the change of pace.
The orc barely misses you. Ivernyr's ghost barely misses you.
You barely miss Ivernyr's ghost. You claw Ivernyr's ghost.
Ivernyr's ghost is lightly damaged.
You hit Ivernyr's ghost. You claw Ivernyr's ghost.
Ivernyr's ghost is lightly damaged.
The orc hits you from afar with a +9 halberd!
* * * LOW HITPOINT WARNING * * *
Ivernyr's ghost hits you!
* * * LOW HITPOINT WARNING * * *
It was a potion of might.
You feel very mighty all of a sudden. The orc barely misses you.
Ivernyr's ghost says, "You must not succeed where I failed!"
Ivernyr's ghost hits you!
You die...

#.#.##..#.....8
#..#.#
#.##.#..#..##..
##.###.
#.......#..#8.. #.##
## #####..[#..##..
##.###. #.).#.#....
##.#.#
#...'.#o..[######..#
#>..'o#o8._#.......#
#..W).#o..[#........
##.@#.#...)#######..
#..#..##.. #..
#..#..#8.. ##.
#..#..##.. #..
#..#.....8 #..
#.8####### #.. ####
#.# #.# ##.#


You could see an orc priest, Ivernyr's ghost and 2 orcs.

Vanquished Creatures
  Sigmund (D:5)
  Menkaure (D:4)
  Edmund (D:4)
  An ogre (D:5)
  A scorpion (D:5)
  2 hounds
  An orc priest (D:5)
  4 iguanas
  Natasha (thrice) (D:3)
  3 gnolls (D:5)
  7 adders
  3 white imps
  An ufetubus (D:5)
  2 worms
  5 dart slugs
  9 orcs
  10 bats
  9 endoplasms
  3 giant cockroaches
  9 goblins
  7 hobgoblins
  4 jackals
  5 kobolds
  5 quokkas
  7 ball pythons
  4 frilled lizards
  9 rats
117 creatures vanquished.

Notes
Turn   | Place    | Note
-------+----------+-------------------------------------------
     0 | D:1      | FishyPogo the Gnoll Transmuter began the quest for the Orb.
     0 | D:1      | Reached XP level 1. HP: 17/17 MP: 6/6
   234 | D:1      | Reached XP level 2. HP: 23/23 MP: 5/7
   237 | D:1      | Learned a level 2 spell: Wereblood
   721 | D:1      | Reached skill level 5 in Spellcasting
   721 | D:1      | Reached XP level 3. HP: 28/28 MP: 6/9
   725 | D:1      | Learned a level 3 spell: Spider Form
  1206 | D:2      | Reached skill level 1 in Invocations
  1246 | D:2      | Reached skill level 1 in Short Blades
  1246 | D:2      | Reached skill level 1 in Long Blades
  1246 | D:2      | Reached skill level 1 in Axes
  1246 | D:2      | Reached skill level 1 in Maces & Flails
  1246 | D:2      | Reached skill level 1 in Polearms
  1246 | D:2      | Reached skill level 1 in Staves
  1246 | D:2      | Reached skill level 1 in Ranged Weapons
  1246 | D:2      | Reached skill level 1 in Throwing
  1246 | D:2      | Reached skill level 1 in Armour
  1246 | D:2      | Reached skill level 1 in Stealth
  1246 | D:2      | Reached skill level 1 in Shields
  1246 | D:2      | Reached skill level 1 in Evocations
  1525 | D:2      | Reached XP level 4. HP: 34/34 MP: 9/11
  1718 | D:3      | Reached skill level 1 in Conjurations
  1718 | D:3      | Reached skill level 1 in Hexes
  1718 | D:3      | Reached skill level 1 in Summonings
  1718 | D:3      | Reached skill level 1 in Necromancy
  1718 | D:3      | Reached skill level 1 in Translocations
  1718 | D:3      | Reached skill level 1 in Fire Magic
  1718 | D:3      | Reached skill level 1 in Ice Magic
  1718 | D:3      | Reached skill level 1 in Air Magic
  1718 | D:3      | Reached skill level 1 in Earth Magic
  1718 | D:3      | Reached skill level 1 in Poison Magic
  1850 | D:3      | Reached XP level 5. HP: 38/40 MP: 12/12
  2274 | D:3      | Noticed Natasha
  2278 | D:3      | Killed Natasha
  2292 | D:3      | Reached XP level 6. HP: 46/47 MP: 10/13
  2411 | D:3      | Noticed Natasha
  2418 | D:3      | Killed Natasha
  2604 | D:3      | Reached skill level 5 in Dodging
  2843 | D:3      | Noticed Natasha
  2853 | D:3      | Killed Natasha
  2883 | D:4      | Noticed Edmund
  3144 | D:4      | Noticed Menkaure
  3155 | D:4      | Killed Menkaure
  3156 | D:4      | Reached skill level 7 in Unarmed Combat
  3156 | D:4      | Reached XP level 7. HP: 52/52 MP: 15/15
  3206 | D:4      | Found Gasakkemm's Elemental Accessories.
  3419 | D:4      | Killed Edmund
  3647 | D:4      | Found a staircase to the Ecumenical Temple.
  3653 | Temple   | Entered the Ecumenical Temple
  3861 | Temple   | Became a worshipper of Cheibriados the Contemplative
  3939 | D:5      | Entered Level 5 of the Dungeon
  4048 | D:5      | Found a runed translucent gate.
  4048 | D:5      | Noticed Ivernyr's ghost (amateur FoFi)
  4056 | D:5      | Found a runed translucent gate.
  4057 | D:5      | Found a runed translucent gate.
  4482 | D:5      | Reached XP level 8. HP: 60/60 MP: 14/16
  4553 | D:5      | Noticed Sigmund
  4560 | D:5      | Killed Sigmund
  4748 | D:5      | Found a broken altar of Ashenzari.
  4856 | D:5      | Slain by Ivernyr's ghost

Illustrated notes

Levels and vault maps discovered:
D:1:      onia_arrival_pyramid, layout_loops_corners, kennysheep_nondescript,
          serial_park_tiny_2, corner_web_ring, minmay_crystal_water
D:2:      layout_rooms
D:3:      minmay_recursive_quarters, layout_loops_ring, uniq_natasha
D:4:      layout_cave_pools, minmay_temple_entry_enclosed_plants, minivault_11,
          nicolae_elemental_shop, uniq_edmund, uniq_menkaure
D:5:      layout_loops_cross, nicolae_ashenzari_skybound,
          biasface_ghost_orc_armoury, minivault_14, amcnicky_mini_pool_small,
          uniq_sigmund
Temple:   nicolae_temple_bog_church

Skill      XL: |  1  2  3  4  5  6  7  8 |
---------------+-------------------------+-----
Spellcasting   | 5 6 |  6.0
Invocations    | 1 2 3 |  3.5
Short Blades   | 1 2 3 |  3.2
Long Blades    | 1 2 3 |  3.2
Axes           | 1 2 3 |  3.2
Maces & Flails | 1 2 3 |  3.2
Polearms       | 1 2 3 |  3.2
Staves         | 1 2 3 |  3.2
Ranged Weapons | 1 2 3 |  3.2
Throwing       | 1 2 3 |  3.2
Armour         | 1 2 3 |  3.2
Stealth        | 1 2 3 |  3.2
Shields        | 1 2 3 |  3.2
Evocations     | 1 2 3 |  3.2
Conjurations   | 1 2 |  2.6
Hexes          | 1 2 |  2.6
Summonings     | 1 2 |  2.6
Necromancy     | 1 2 |  2.6
Translocations | 1 2 |  2.6
Fire Magic     | 1 2 |  2.6
Ice Magic      | 1 2 |  2.6
Air Magic      | 1 2 |  2.6
Earth Magic    | 1 2 |  2.6
Poison Magic   | 1 2 |  2.6
Fighting       | 3 4 |  4.1
Transmutations | 4 |  4.6
Dodging        | 5 |  5.6
Unarmed Combat | 7 |  7.3

Action                     |  1- 3 |  4- 6 |  7- 9 || total
---------------------------+-------+-------+-------++-------
  Melee: Unarmed           |    98 |   127 |    80 ||   305
         Kick              |    14 |    31 |    29 ||    74
         Bite              |    10 |    17 |     5 ||    32
         Headbutt          |     9 |    13 |    15 ||    37
         Punch             |     2 |     2 |       ||     4
  Throw: Javelin           |       |       |     2 ||     2
   Cast: Beastly Appendage |    27 |    24 |    17 ||    68
         Wereblood         |       |     3 |     2 ||     5
Ability: End Transformatio |       |     1 |       ||     1
    Use: Potion            |       |       |     1 ||     1
   Stab: Sleeping          |     4 |     6 |       ||    10
 Armour: Robe              |    12 |    23 |     5 ||    40
         Scale mail        |       |       |    21 ||    21
         Skin              |       |       |     8 ||     8
  Dodge: Dodged            |    56 |    84 |    32 ||   172
